 Dungeon Crawl Stone Soup version 0.23.0 (webtiles) character file.

Game seed: 5256535938568984857

181159 Monsterracer the Brawler (level 17, -11/150 HPs)
             Began as a Troll Skald on Feb 9, 2019.
             Was the Champion of Hepliaklqana.
             Mangled by a wolf spider (17 damage)
             ... on level 4 of the Lair of Beasts.
             The game lasted 00:51:56 (31474 turns).

Monsterracer the Brawler (Troll Skald)             Turns: 31474, Time: 00:51:57

Health: -11/150    AC: 17    Str: 23    XL:     17   Next: 33%
Magic:  23/23      EV: 14    Int:  9    God:    Hepliaklqana [******]
Gold:   875        SH: 19    Dex: 14    Spells: 18/18 levels left

rFire    + + .     SeeInvis .     - Unarmed
rCold    x . .     Gourm    +   h - +1 large shield
rNeg     . . .     Faith    .   A - +0 fire dragon scales
rPois    +         Spirit   .   (helmet restricted)
rElec    .         Reflect  .   Y - +2 cloak {rPois}
rCorr    .         Harm     .   (gloves unavailable)
MR       +....                  (boots unavailable)
Stlth    ..........             F - amulet of rage
HPRegen  0.75/turn              p - +3 ring of slaying
MPRegen  0.18/turn              G - +3 ring of evasion

@: about to teleport, berserk cooldown, slowed, very slow
A: large, unfitting armour, reduced essence, claws 3, fast metabolism 3,
gourmand, regeneration 1, shaggy fur 1, tough skin 3
}: 1/15 runes: decaying
a: Recall Ancestor, Ancestor Identity, Transference, Idealise, Renounce
Religion, Evoke Berserk Rage


You were on level 4 of the Lair of Beasts.
You worshipped Hepliaklqana.
Hepliaklqana was exalted by your worship.
You were hungry.

You visited 6 branches of the dungeon, and saw 29 of its levels.
You also visited: Sewer and Bailey.

You collected 2702 gold pieces.
You spent 1827 gold pieces at shops.

Inventory:

Hand Weapons
 b - a +3 blowgun
Missiles
 a - 4 throwing nets {!f}
 j - 18 large rocks
 E - 2 tomahawks (quivered)
 J - 8 javelins
 K - 6 curare-tipped needles
 R - 2 needles of paralysis
 T - 8 silver tomahawks
Armour
 h - a +1 large shield (worn)
 i - a scarf of cloud immunity
 A - +0 fire dragon scales (worn)
 W - the +1 gold dragon scales "Kyoruh Ilis" {rPois rF+ rC+ Regen+ Dex+4}
   (You bought it in a shop on level 2 of the Orcish Mines)

   It affects your dexterity (+4).
   It protects you from fire.
   It protects you from cold.
   It protects you from poison.
   It increases your rate of regeneration.
 Y - a +2 cloak of poison resistance (worn)
Jewellery
 p - a +3 ring of slaying (left claw)
 q - an uncursed ring of fire
 F - an amulet of rage (around neck)
 G - a +3 ring of evasion (right claw)
 N - an uncursed ring of ice
 S - an uncursed ring of see invisible
 U - a +2 ring of protection
Wands
 u - a wand of acid (16)
 v - a wand of iceblast (29)
 x - a wand of scattershot (6)
 y - a wand of disintegration (10)
 H - a wand of digging (7)
 O - a wand of clouds (7)
Scrolls
 f - 6 scrolls of identify
 l - 4 scrolls of enchant armour
 m - 3 scrolls of magic mapping
 r - 5 scrolls of remove curse
 s - a scroll of summoning {!r}
 t - 12 scrolls of teleportation {!r}
 B - a scroll of holy word
 C - 3 scrolls of fear {!r}
 L - 3 scrolls of fog
 V - a scroll of silence
 X - 4 scrolls of blinking
Potions
 d - 6 potions of agility
 e - 9 potions of curing
 g - 4 potions of resistance
 k - 5 potions of flight
 n - 5 potions of magic
 o - 4 potions of might
 w - 10 potions of heal wounds
 z - 2 potions of lignification
 D - 2 potions of haste
 I - 2 potions of invisibility
 M - 2 potions of mutation {!q}
 Z - 3 potions of cancellation
Comestibles
 c - 53 rations


   Skills:
 + Level 10.5 Fighting
 + Level 10.3 Throwing
 + Level 7.1 Armour
 + Level 10.1 Dodging
 + Level 10.1 Shields
 * Level 16.3 Unarmed Combat
 - Level 1.2 Spellcasting
   Level 2.0 Charms
 - Level 10.0 Invocations
 + Level 3.1 Evocations


You had 18 spell levels left.
You didn't know any spells.
Your spell library contained the following spells:

 Spells                   Type           Power        Failure   Level  Hunger
 Infusion                 Chrm           #...         77%         1    ##.....
 Song of Slaying          Chrm           #.......     88%         2    ###....
 Animate Skeleton         Necr           N/A          96%         1    ##.....
 Apportation              Tloc           #.....       96%         1    ##.....
 Beastly Appendage        Tmut           #.....       96%         1    ##.....
 Confusing Touch          Hex            #.....       96%         1    ##.....
 Flame Tongue             Conj/Fire      #....        96%         1    ##.....
 Shock                    Conj/Air       #...         96%         1    ##.....
 Summon Butterflies       Summ           #.......     96%         1    ##.....
 Summon Small Mammal      Summ           #...         96%         1    ##.....
 Shroud of Golubria       Chrm/Tloc      #.........   96%         2    ###....
 Swiftness                Chrm/Air       #.......     96%         2    ###....
 Sticks to Snakes         Tmut           #.......     99%         2    ###....
 Throw Flame              Conj/Fire      #.....       99%         2    ###....
 Regeneration             Chrm/Necr      #.........   99%         3    ####...
 Spectral Weapon          Hex/Chrm       #.......     99%         3    ####...
 Conjure Flame            Conj/Fire      #.......     100%        3    ####...
 Inner Flame              Hex/Fire       #.......     100%        3    ####...
 Lesser Beckoning         Tloc           #.........   100%        3    ####...
 Spider Form              Tmut/Pois      #.........   100%        3    ####...
 Static Discharge         Conj/Air       #.......     100%        3    ####...
 Tukima's Dance           Hex            #.......     100%        3    ####...
 Airstrike                Air            #.........   100%        4    #####..
 Cause Fear               Hex            #.........   100%        4    #####..
 Ice Form                 Ice/Tmut       #.......     100%        4    #####..
 Sticky Flame             Conj/Fire      #.......     100%        4    #####..
 Summon Lightning Spire   Summ/Air       #.......     100%        4    #####..
 Alistair's Intoxication  Tmut/Pois      #.......     100%        5    ######.
 Blade Hands              Tmut           #.........   100%        5    ######.
 Bolt of Magma            Conj/Fire/Erth #.........   100%        5    ######.
 Fireball                 Conj/Fire      #.........   100%        5    ######.
 Iskenderun's Battlesphe  Conj/Chrm      #.......     100%        5    ######.
 Lightning Bolt           Conj/Air       #.........   100%        5    ######.
 Metabolic Englaciation   Hex/Ice        #.........   100%        5    ######.
 Silence                  Hex/Air        #.........   100%        5    ######.
 Venom Bolt               Conj/Pois      #.........   100%        5    ######.
 Yara's Violent Unravell  Hex/Tmut       #.........   100%        5    ######.
 Bolt of Cold             Conj/Ice       #.........   100%        6    #######
 Conjure Ball Lightning   Conj/Air       #.........   100%        6    #######
 Deflect Missiles         Chrm/Air       #.........   100%        6    #######
 Freezing Cloud           Conj/Ice/Air   #.........   100%        6    #######
 Invisibility             Hex            #.......     100%        6    #######
 Iron Shot                Conj/Erth      #.........   100%        6    #######
 Ozocubu's Refrigeration  Ice            #.........   100%        6    #######
 Poison Arrow             Conj/Pois      #.........   100%        6    #######
 Simulacrum               Ice/Necr       #.........   100%        6    #######
 Orb of Destruction       Conj           #.........   100%        7    #######
 Spellforged Servitor     Conj/Summ      #.........   100%        7    #######
 Chain Lightning          Conj/Air       #.........   100%        8    #######
 Discord                  Hex            #.........   100%        8    #######
 Lehudib's Crystal Spear  Conj/Erth      #.........   100%        8    #######
 Fire Storm               Conj/Fire      #.........   100%        9    #######
 Glaciate                 Conj/Ice       #.........   100%        9    #######
 Tornado                  Air            #.........   100%        9    #######


Dungeon Overview and Level Annotations

Branches:
Dungeon (15/15)            Temple (1/1) D:7            Lair (6/6) D:10
  Swamp (4/4) Lair:3       Spider (1/4) Lair:4        Slime (0/5) Lair:5
    Orc (2/2) D:9             Elf (0/3) Orc:2        Vaults (0/5) D:14
 Depths (0/5) D:15

Altars:
Ashenzari
Cheibriados
Dithmenos
Elyvilon
Fedhas
Gozag
Hepliaklqana
Kikubaaqudgha
Makhleb
Nemelex Xobeh
Okawaru
Qazlal
Ru
Sif Muna
Trog
Uskayaw
Vehumet
Wu Jian
Xom
Yredelemnul
Zin
The Shining One
Beogh
Jiyva

Shops:
D:5 }   D:8 *   D:10 !   Orc:2 [:*(

Annotations:
D:7 1 runed translucent door
Lair:2 exclusion: 2 oklob plants
Lair:5 exclusion: oklob plant
Spider:1 Azrael
Orc:1 3 runed translucent doors, Xelitey Juot's ghost, novice MiFi


Innate Abilities, Weirdness & Mutations

You are too large for most types of armour.
You have claws for hands.
Your metabolism is lightning-fast.
You like to eat raw meat.
Your natural rate of healing is unusually fast.
You are covered in fur. (AC +1)
You have extremely tough skin. (AC +3)
Your life essence is reduced to manifest your ancestor. (-10% HP)


Message History

* * * LOW HITPOINT WARNING * * *
The redback barely misses you. The redback bites you!
* * * LOW HITPOINT WARNING * * *
You block the wolf spider's attack. The wolf spider bites you.
* * * LOW HITPOINT WARNING * * *
You are lethally poisoned!
The wolf spider poisons you!
The moth of wrath bites you but does no damage.
Simosihle hits the redback with a +0 broad axe of flaming!
Simosihle burns the redback.
Simosihle completely misses the redback.
Simosihle closely misses the redback.
The redback bites you!!
* * * LOW HITPOINT WARNING * * *
You now have 39/225 hp.
Unknown command.
You feel a strong urge to attack something.
* * * LOW HITPOINT WARNING * * *
You feel very sick. You block the redback's attack.
You block the wolf spider's attack. The wolf spider barely misses you.
The redback bites you but does no damage.
You block the redback's attack. You block the wolf spider's attack.
The wolf spider bites you!
* * * LOW HITPOINT WARNING * * *
You are more poisoned.
The wolf spider poisons you!
You take 14 damage, and have 25/225 hp.
Unknown command.
You mangle the moth of wrath!!
The moth of wrath is heavily wounded.
Your surroundings suddenly seem different.
* * * LOW HITPOINT WARNING * * *
You feel very sick.
You take 5 damage, and have 20/225 hp.
Unknown command.
Unknown command.
* * * LOW HITPOINT WARNING * * *
You feel very sick.
You hear an angry hiss.
You take 6 damage, and have 14/225 hp.
Unknown command.
Unknown command.
You feel a strong urge to attack something.
* * * LOW HITPOINT WARNING * * *
You feel very sick.
You take 4 damage, and have 10/225 hp.
Unknown command.
Unknown command.
You are no longer berserk.
You are exhausted.
You feel yourself slow down.
* * * LOW HITPOINT WARNING * * *
You feel very sick.
You now have 1/150 hp.
Okay, then.
You feel better.
You hear an angry hiss.
You regained 11 hp, and now have 12/150 hp.
You start resting.
You hear an angry hiss. x3
The wolf spider is too close now for your liking.
You regained 6 hp, and now have 18/150 hp.
You are feeling hungry.
Simosihle blocks the wolf spider's attack. x2
The wolf spider hits Simosihle!!
The wolf spider bites Simosihle!
Simosihle is destroyed!
Evoke which item? (* to show all) (? for menu, Esc to quit)
Aiming: Disintegrate
Press: ? - help, Shift-Dir - straight line, f - wolf spider
Aim: a wolf spider (berserk, fast, unusually strong, chance to defeat MR: 77%)
Okay, then.
Evoke which item? (* to show all) (? for menu, Esc to quit)
Aiming: Disintegrate
Press: ? - help, Shift-Dir - straight line, f - wolf spider
Aim: a wolf spider (berserk, fast, unusually strong, chance to defeat MR: 77%)
Okay, then.
You feel much better. The wolf spider hits you!!
* * * LOW HITPOINT WARNING * * *
The wolf spider bites you but does no damage.
Unknown command.
Unknown command.
Really read
t - 13 scrolls of teleportation {!r}?
As you read the scroll of teleportation {!r}, it crumbles to dust.
You feel strangely unstable. The wolf spider closely misses you.
The wolf spider bites you.
* * * LOW HITPOINT WARNING * * *
You block the wolf spider's attack.
The wolf spider bites you but does no damage.
The wolf spider hits you but does no damage.
The wolf spider bites you!
* * * LOW HITPOINT WARNING * * *
You take 9 damage, and have 10/150 hp.
Unknown command.
Okay, then.
You feel much better. You block the wolf spider's attack. x2
The wolf spider hits you but does no damage.
The wolf spider closely misses you. The wolf spider hits you!!
* * * LOW HITPOINT WARNING * * *
You block the wolf spider's attack. The wolf spider hits you!
You die...

#######.....<..#..#......#
###.#.####.......##..####..#
.#.#.#.###.......#...# ##.#
#^#.#^#.##........#..# #P.##
y#####.#^#...##..#..## #...#
s[###.#.....#....##.#####..P#
ss^#.#^..........P#.#P#.#..##
R.###.#.................##.##
.#.#####.#...y.s@...........#
#^#.#R#R##..............##.##
##.#.#R######...........#..##
#####^## ##..#.#P..P.P.##..#
# #######.#..###...#..##.P# #
#..........# #..##.....## #
##....#..^..# ##.###..#.P#
#......###..# #.###.#..##
##...........####..##....##


You could see a wolf spider (berserk) and a moth of wrath.

Vanquished Creatures
  A bone dragon (Swamp:4)
  Rupert (D:15)
  Agnes (Lair:4)
  A thorn hunter (Swamp:3)
  A caustic shrike zombie (D:15)
  An orc warlord (Bailey)
  A caustic shrike skeleton (D:15)
  Josephine (D:11)
  2 fire dragons
  Fannar (Lair:2)
  7 hydras
  3 vault guards (D:14)
  2 ghost crabs (Swamp:4)
  A catoblepas (Lair:6)
  A shambling mangrove (Swamp:2)
  2 centaur warriors
  Erica (D:11)
  15 alligators
  A two-headed ogre (D:8)
  An ogre mage (D:15)
  A vampire mage (D:15)
  Urug (Orc:1)
  A deep elf knight (D:15)
  Sonja (Lair:2)
  A skeletal warrior (D:15)
  A spriggan druid (Swamp:3)
  3 unseen horrors
  4 swamp dragons
  2 phantasmal warriors (Swamp:4)
  2 spectral hydras (Swamp:4)
  A wolf spider zombie (D:15)
  A deep elf mage (D:14)
  A shadow dragon zombie (D:15)
  A necromancer (D:15)
  4 orb spiders (Spider:1)
  2 ugly things
  3 orc knights
  3 wolf spiders
  A manticore (D:13)
  2 orc sorcerers
  4 cyclopes
  2 centaur zombies
  2 moths of wrath (Swamp:3)
  2 black mambas (Lair:6)
  15 elephants
  Maurice (Orc:1)
  2 torpor snails
  26 spiny frogs
  Psyche (D:11)
  2 gargoyles
  A spriggan zombie (D:15)
  6 komodo dragons
  6 yaktaurs (D:15)
  2 swamp worm zombies (Swamp:4)
  A komodo dragon (shapeshifter) (D:14)
  A guardian mummy (D:15)
  3 meliai (D:13)
  19 tyrant leeches
  6 trolls
  3 hydra zombies (Swamp:4)
  7 jumping spiders
  7 bog bodies
  2 polar bears
  4 hornets
  11 blink frogs
  3 alligator zombies (Swamp:4)
  4 snapping turtles (D:13)
  3 dream sheep (Lair:4)
  A spectral swamp dragon (Swamp:4)
  7 hippogriffs
  9 redbacks
  5 spriggans
  2 shadows
  4 tarantellas (Spider:1)
  3 wraiths
  29 yaks
  Sigmund (D:5)
  4 wyverns
  A water elemental (D:13)
  A basilisk (Lair:6)
  A hungry ghost (D:12)
  6 humans
  3 hogs (D:7)
  Menkaure (D:5)
  25 vampire mosquitoes
  An acid dragon (D:13)
  7 insubstantial wisps (Swamp:4)
  A warg (Orc:2)
  15 swamp worms
  10 water moccasins
  2 swamp drakes
  6 porcupines
  3 sky beasts
  38 orc warriors
  2 wolves (Lair:6)
  2 ice beasts
  A black bear (shapeshifter) (D:15)
  2 black bears
  5 phantoms
  4 boggarts (Lair:6)
  2 swamp dragon zombies (Swamp:4)
  An eye of draining (D:10)
  11 ogres
  12 centaurs
  3 big kobolds
  11 crocodiles
  22 bullfrogs
  2 wyvern skeletons
  A wyvern zombie (D:15)
  3 scorpions
  10 killer bees (D:10)
  A troll skeleton (D:11)
  3 wights (D:13)
  2 spriggan skeletons (D:11)
  4 electric eels
  5 howler monkeys
  3 crimson imps
  2 bullfrog zombies
  9 jellies
  15 orc priests
  2 bullfrog skeletons
  5 hounds
  15 orc wizards
  5 centaur skeletons
  Ijyb (D:5)
  3 iguanas
  8 worker ants
  A spectral swamp drake (Swamp:4)
  A hound skeleton (D:7)
  4 worker ant zombies
  11 gnolls
  A gnoll zombie (D:4)
  A swamp drake zombie (Swamp:4)
  21 adders
  An orc zombie (D:4)
  A river rat (D:4)
  2 shadow imps
  2 oozes
  An adder skeleton (D:4)
  9 worms
  2 dart slugs
  12 leopard geckos
  76 orcs
  3 ball pythons
  14 bats
  4 giant cockroaches
  26 goblins
  17 hobgoblins
  11 jackals
  8 quokkas
  4 frilled lizards
  A jackal skeleton (D:4)
  20 kobolds
  A leopard gecko skeleton (D:4)
  2 quokka skeletons
  10 rats
857 creatures vanquished.

Vanquished Creatures (collateral kills)
  8 hydras
  A ghost crab (Swamp:1)
  A vault guard (D:14)
  3 alligators
  3 two-headed ogres (D:15)
  The ghost of kalagan the Thaumaturge, a novice DEEE of Sif Muna (Lair:1)
  Nergalle (Orc:1)
  3 unseen horrors
  A spectral hydra (Swamp:4)
  A wizard (D:10)
  2 orc knights
  A wolf spider (Spider:1)
  A manticore (D:10)
  4 ugly things
  2 elephants (Lair:4)
  4 spiny frogs
  A centaur skeleton (D:15)
  A komodo dragon (Lair:2)
  A hydra zombie (Swamp:4)
  2 jumping spiders
  2 trolls
  2 hornets
  2 tyrant leeches
  An alligator zombie (Swamp:4)
  A spectral swamp dragon (Swamp:4)
  A dream sheep (Lair:4)
  2 blink frogs (Lair:6)
  A bog body (Lair:3)
  2 hippogriffs
  4 redbacks
  2 yaks
  2 spriggans (Swamp:3)
  2 tarantellas
  4 water elementals (D:13)
  A wraith (D:11)
  2 humans (D:14)
  4 vampire mosquitoes
  A warg (Orc:2)
  An insubstantial wisp (Swamp:4)
  9 swamp worms
  An acid dragon (D:15)
  A porcupine (Lair:4)
  A hell hound (Spider:1)
  A water moccasin (Lair:2)
  3 swamp drakes
  6 orc warriors
  A sky beast (D:8)
  An ice beast (D:13)
  A swamp dragon zombie (Swamp:4)
  2 centaurs
  4 crocodiles
  2 bullfrogs (Lair:6)
  A wyvern skeleton (D:13)
  A wight (D:13)
  6 electric eels
  A crimson imp (D:13)
  An orc wizard (Orc:2)
  An orc priest (Orc:1)
  A swamp drake zombie (Swamp:4)
  A gnoll (Bailey)
  A shadow imp (D:15)
  A leopard gecko (D:7)
  19 orcs
  A bat (D:13)
  3 goblins (Bailey)
  5 hobgoblins (Bailey)
  2 jackals (D:9)
  A kobold (D:13)
  A fungus (Lair:5)
  4 withered plants (D:15)
163 creatures vanquished.

Vanquished Creatures (others)
  A vault guard (D:14)
  An alligator (Swamp:4)
  A redback (Spider:1)
  A swamp worm (Swamp:1)
  4 insubstantial wisps (Swamp:4)
  An orc warrior (Orc:1)
  15 knights
  4 ancestors
  13 fungi
  47 plants
88 creatures vanquished.

Grand Total: 1108 creatures vanquished

Notes
Turn   | Place    | Note
-------+----------+-------------------------------------------
     0 | D:1      | Monsterracer the Troll Skald began the quest for the Orb.
     0 | D:1      | Reached XP level 1. HP: 19/19 MP: 1/1
    48 | D:1      | Reached XP level 2. HP: 25/28 MP: 2/2
   258 | D:1      | Reached skill level 3 in Unarmed Combat
   392 | D:1      | Reached XP level 3. HP: 35/35 MP: 3/3
   871 | D:2      | HP: 17/35 [dart slug/slug dart (4)]
  1020 | D:2      | Reached XP level 4. HP: 42/44 MP: 4/4
  1052 | D:2      | Found a basalt altar of Yredelemnul.
  1057 | D:2      | HP: 22/44 [worm (7)]
  1111 | D:2      | Reached skill level 4 in Unarmed Combat
  1136 | D:2      | HP: 16/44 [worm (10)]
  1142 | D:2      | HP: 18/44 [poisoned by an adder]
  1150 | D:2      | HP: 20/44 [poisoned by an adder]
  1398 | D:2      | Found an opulent altar of Gozag.
  1402 | D:2      | Found a shimmering altar of Xom.
  1484 | D:2      | Reached XP level 5. HP: 50/50 MP: 5/5
  1707 | D:3      | Reached skill level 1 in Shields
  2564 | D:4      | Reached XP level 6. HP: 61/61 MP: 6/6
  2585 | D:4      | Reached skill level 5 in Unarmed Combat
  2588 | D:4      | HP: 30/61 [gnoll/+0 spear (9)]
  2750 | D:4      | Found a transporter.
  2833 | D:4      | Found a glowing drain.
  2837 | Sewer    | Entered a sewer
  3210 | D:4      | Found a transporter.
  3236 | D:4      | HP: 29/61 [wyvern skeleton (6)]
  3237 | D:4      | Reached XP level 7. HP: 32/67 MP: 7/7
  3461 | D:4      | Found a sparkling altar of Nemelex Xobeh.
  3595 | D:4      | HP: 30/67 [poisoned by a gnoll sergeant zombie]
  3718 | D:5      | Entered Level 5 of the Dungeon
  4010 | D:5      | Noticed Ijyb
  4017 | D:5      | Killed Ijyb
  4140 | D:5      | HP: 22/67 [ogre/+0 giant club (15)]
  4142 | D:5      | Reached skill level 6 in Unarmed Combat
  4257 | D:5      | Found a white marble altar of Elyvilon.
  4263 | D:5      | Noticed Sigmund
  4274 | D:5      | Killed Sigmund
  4296 | D:5      | HP: 32/68 [centaur (3)]
  4529 | D:5      | Reached XP level 8. HP: 78/78 MP: 8/8
  4563 | D:5      | Noticed Menkaure
  4572 | D:5      | Killed Menkaure
  4602 | D:5      | Found Iskois's Gadget Shoppe.
  5027 | D:6      | Reached skill level 7 in Unarmed Combat
  5160 | D:6      | HP: 38/78 [sky beast (6)]
  5171 | D:6      | Reached skill level 1 in Throwing
  5172 | D:6      | HP: 37/78 [ice beast (5)]
  5176 | D:6      | HP: 16/78 [ice beast (8)]
  5687 | D:7      | Found a staircase to the Ecumenical Temple.
  5802 | Temple   | Entered the Ecumenical Temple
  5924 | Temple   | Became a worshipper of Hepliaklqana the Forgotten
  6179 | D:7      | Found a blossoming altar of Fedhas.
  6191 | D:7      | Found a white marble altar of Elyvilon.
  6191 | D:7      | Noticed an angel
  6192 | D:7      | Found a runed translucent door.
  6221 | D:7      | Found a snail-covered altar of Cheibriados.
  6456 | D:7      | HP: 34/71 [hog (5)]
  6461 | D:7      | HP: 33/71 [human/+0 hand axe (4)]
  6465 | D:7      | Reached skill level 1 in Invocations
  6465 | D:7      | Reached XP level 9. HP: 37/76 MP: 5/9
  6475 | D:7      | Reached skill level 8 in Unarmed Combat
  6659 | D:8      | Reached skill level 5 in Fighting
  6844 | D:8      | Found Suug's General Store.
  6849 | D:8      | Bought a scroll of holy word for 90 gold pieces
  6871 | D:8      | Found a flagged portal.
  6871 | D:8      | Reached * piety under Hepliaklqana
  6879 | D:8      | Noticed a two-headed ogre
  6886 | D:8      | Killed a two-headed ogre
  6886 | D:8      | Reached skill level 9 in Unarmed Combat
  6886 | D:8      | Reached XP level 10. HP: 60/86 MP: 8/11
  6927 | Bailey   | Entered a bailey
  7132 | Bailey   | Reached skill level 5 in Dodging
  7145 | Bailey   | Noticed an orc warlord
  7177 | Bailey   | Killed an orc warlord
  7177 | Bailey   | Reached skill level 5 in Shields
  7253 | Bailey   | HP: 40/88 [orc warrior/+3 broad axe (14)]
  7358 | Bailey   | Reached skill level 5 in Throwing
  7358 | Bailey   | Reached skill level 10 in Unarmed Combat
  7358 | Bailey   | Reached skill level 5 in Invocations
  7358 | Bailey   | Reached XP level 11. HP: 96/96 MP: 13/13
  7359 | Bailey   | Reached skill level 11 in Unarmed Combat
  7359 | Bailey   | Reached XP level 12. HP: 106/106 MP: 13/15
  7903 | D:9      | Reached ** piety under Hepliaklqana
  7904 | D:9      | Remembered your ancestor Simosihle as a knight
  8273 | D:9      | Found a staircase to the Orcish Mines.
  8399 | D:9      | Reached *** piety under Hepliaklqana
  8672 | D:10     | Entered Level 10 of the Dungeon
  8929 | D:10     | Found Licaink's Distillery.
  8934 | D:10     | Bought a potion of haste for 110 gold pieces
  8934 | D:10     | Bought a potion of heal wounds for 55 gold pieces
  8934 | D:10     | Bought a potion of invisibility for 88 gold pieces
  8934 | D:10     | Bought a potion of berserk rage for 55 gold pieces
  8934 | D:10     | Bought a potion of curing for 33 gold pieces
  9346 | D:10     | Found a staircase to the Lair.
  9547 | Lair:1   | Entered Level 1 of the Lair of Beasts
  9547 | Lair:1   | Noticed a five-headed hydra
  9553 | Lair:1   | HP: 52/106 [six-headed hydra (8)]
  9554 | Lair:1   | Killed a six-headed hydra
  9554 | Lair:1   | Reached skill level 12 in Unarmed Combat
  9554 | Lair:1   | Reached XP level 13. HP: 55/111 MP: 8/16
  9685 | Lair:1   | Found a runed translucent door.
  9686 | Lair:1   | Noticed kalagan's ghost (novice DEEE)
  9712 | Lair:1   | Killed kalagan's ghost
  9908 | Lair:1   | Reached **** piety under Hepliaklqana
 10562 | Lair:2   | Noticed Sonja
 10571 | Lair:2   | Killed Sonja
 11061 | Lair:2   | Noticed Fannar
 11080 | Lair:2   | Killed Fannar
 11857 | Lair:3   | HP: 53/114 [bog body/bolt of cold (29)]
 11951 | Lair:3   | Found a staircase to the Swamp.
 11966 | Lair:3   | HP: 54/114 [electric eel/bolt of electricity (9)]
 12393 | Swamp:1  | Entered Level 1 of the Swamp
 12498 | Lair:4   | Reached ***** piety under Hepliaklqana
 12571 | Lair:4   | HP: 56/114 [jumping spider (2)]
 12582 | Lair:4   | HP: 48/114 [elephant (1)]
 12588 | Lair:4   | HP: 47/114 [jumping spider (3)]
 12592 | Lair:4   | HP: 22/114 [crocodile (11)]
 12600 | Lair:4   | HP: 33/114 [jumping spider (17)]
 12603 | Lair:4   | HP: 16/114 [jumping spider (3)]
 12641 | Lair:4   | HP: 34/114 [elephant (5)]
 12872 | Lair:4   | Identified a scroll of acquirement
 12873 | Lair:4   | Found the +5 robe of Night {Dark MR+ SInv}
 13380 | Lair:4   | Reached skill level 13 in Unarmed Combat
 13386 | Lair:4   | HP: 57/114 [elephant (2)]
 13391 | Lair:4   | HP: 45/114 [elephant (9)]
 13403 | Lair:4   | HP: 41/114 [elephant (2)]
 13854 | Lair:4   | Found a hole to the Spider Nest.
 13869 | Lair:4   | HP: 57/115 [poisoned by a redback]
 13874 | Lair:4   | HP: 37/115 [poisoned by a redback]
 13879 | Lair:4   | HP: 28/115 [poisoned by a redback]
 13884 | Lair:4   | HP: 21/115 [poisoned by a redback]
 13889 | Lair:4   | HP: 19/115 [poisoned by a redback]
 13894 | Lair:4   | HP: 17/115 [poisoned by a redback]
 13900 | Lair:4   | HP: 17/115 [poisoned by a redback]
 13906 | Lair:4   | HP: 18/115 [poisoned by a redback]
 13914 | Lair:4   | HP: 22/115 [poisoned by a redback]
 13922 | Lair:4   | HP: 25/115 [poisoned by a redback]
 14396 | Lair:5   | Found a runed translucent door.
 14564 | Lair:5   | Found a viscous altar of Jiyva.
 14564 | Lair:5   | Found a staircase to the Slime Pits.
 14588 | Lair:5   | Reached XP level 14. HP: 108/123 MP: 14/18
 14808 | Lair:5   | HP: 54/123 [spiny frog (11)]
 14813 | Lair:5   | HP: 32/123 [poisoned by a spiny frog]
 14818 | Lair:5   | HP: 27/123 [poisoned by a spiny frog]
 14823 | Lair:5   | HP: 15/123 [poisoned by a spiny frog]
 14828 | Lair:5   | HP: 9/123 [poisoned by a spiny frog]
 14833 | Lair:5   | HP: 9/123 [poisoned by a spiny frog]
 14839 | Lair:5   | HP: 10/123 [poisoned by a spiny frog]
 14846 | Lair:5   | HP: 12/123 [poisoned by a spiny frog]
 14855 | Lair:5   | HP: 16/123 [poisoned by a spiny frog]
 15321 | Lair:6   | Entered Level 6 of the Lair of Beasts
 15463 | Lair:6   | HP: 60/123 [bullfrog (4)]
 15474 | Lair:6   | HP: 56/123 [blink frog (1)]
 15804 | Lair:6   | HP: 53/123 [death yak[a boggart] (22)]
 15809 | Lair:6   | HP: 54/123 [poisoned by a water moccasin]
 15815 | Lair:6   | HP: 57/123 [poisoned by a water moccasin]
 15843 | Lair:6   | HP: 52/123 [spiny frog[a boggart] (20)]
 15848 | Lair:6   | HP: 42/123 [poisoned by a spiny frog]
 15853 | Lair:6   | HP: 27/123 [poisoned by a spiny frog]
 15858 | Lair:6   | HP: 21/123 [poisoned by a spiny frog]
 15863 | Lair:6   | HP: 18/123 [poisoned by a spiny frog]
 15868 | Lair:6   | HP: 9/123 [poisoned by a spiny frog]
 15874 | Lair:6   | HP: 9/123 [poisoned by a spiny frog]
 15879 | Lair:6   | HP: 11/123 [poisoned by a spiny frog]
 15886 | Lair:6   | HP: 14/123 [poisoned by a spiny frog]
 15894 | Lair:5   | HP: 18/123 [poisoned by a spiny frog]
 16426 | Lair:6   | HP: 61/123 [elephant (2)]
 16431 | Lair:6   | HP: 44/123 [elephant (1)]
 16432 | Lair:6   | Reached skill level 14 in Unarmed Combat
 17194 | Orc:1    | Entered Level 1 of the Orcish Mines
 17271 | Orc:1    | Found a runed translucent gate.
 17271 | Orc:1    | Found a runed translucent gate.
 17273 | Orc:1    | Found a runed translucent gate.
 17284 | Orc:1    | Noticed Maurice
 17290 | Orc:2    | Entered Level 2 of the Orcish Mines
 17290 | Orc:2    | Found a roughly hewn altar of Beogh.
 17342 | Orc:1    | Killed Maurice
 17365 | Orc:1    | Noticed Nergalle
 17366 | Orc:1    | Noticed Urug
 17387 | Orc:1    | Killed Urug
 17395 | Orc:1    | Killed Nergalle
 17625 | Orc:2    | HP: 60/126 [orc wizard/+0 dagger (4)]
 17817 | Orc:1    | HP: 63/126 [orc warrior/+0 broad axe (3)]
 18057 | Orc:2    | HP: 53/126 [orc warrior/+0 great mace (24)]
 18071 | Orc:1    | HP: 40/126 [orc warrior/bolt (17)]
 18107 | Orc:1    | HP: 48/126 [orc warrior/bolt (5)]
 18280 | Orc:2    | HP: 56/126 [orc warrior/+0 morningstar[an orc knight] (10)]
 18705 | Orc:1    | HP: 51/126 [orc warrior/+0 halberd (31)]
 19031 | Orc:1    | Noticed a stone giant
 19037 | Orc:1    | Noticed Xelitey Juot's ghost (novice MiFi)
 19210 | Orc:2    | Reached XP level 15. HP: 123/131 MP: 17/20
 19256 | Orc:2    | Found a staircase to the Elven Halls.
 19323 | Orc:2    | Found Xoti's General Store.
 19323 | Orc:2    | Found Zyow's Book Shop.
 19323 | Orc:2    | Found Xiduyrgh's Armour Boutique.
 19325 | Orc:2    | Found Ynejuliq's Weapon Emporium.
 19342 | Orc:2    | Bought the cursed +1 gold dragon scales "Kyoruh Ilis"
                  | {rPois rF+ rC+ Regen+ Dex+4} for 1071 gold pieces
 19417 | Orc:2    | Bought a potion of cancellation for 128 gold pieces
 19532 | D:11     | Noticed Erica
 19548 | D:11     | Killed Erica
 19700 | D:11     | Noticed Psyche
 19705 | D:11     | Killed Psyche
 19746 | D:11     | Noticed Josephine
 19753 | D:11     | Killed Josephine
 19753 | D:11     | Reached skill level 1 in Armour
 20121 | D:12     | Got a fabulously ornate robe
 20784 | D:13     | Identified the +2 robe of the Foremost Princes {rN+ rCorr
                  | Str+5 Dex-5} (You found it on level 12 of the Dungeon)
 20861 | D:13     | HP: 62/131 [ten-headed hydra (5)]
 21300 | D:13     | Got an encrusted cloak
 21325 | D:13     | Identified the +0 cloak "Dun Xonupsa" {Int-2 Dex+6} (You
                  | found it on level 13 of the Dungeon)
 21360 | D:13     | Reached skill level 5 in Armour
 21775 | D:13     | Reached ****** piety under Hepliaklqana
 22827 | D:14     | Found a gate to the Vaults.
 23229 | D:15     | Entered Level 15 of the Dungeon
 23282 | D:15     | HP: 63/132 [something (4)]
 23286 | D:15     | HP: 30/132 [something/bolt of fire (8)]
 23456 | D:15     | Reached skill level 15 in Unarmed Combat
 23475 | D:15     | Found a staircase to the Depths.
 23510 | D:15     | HP: 41/132 [ogre mage/bolt of cold (49)]
 23517 | D:15     | HP: 34/133 [two-headed ogre/+0 giant spiked club (11)]
 23560 | D:15     | Noticed Rupert
 23560 | D:15     | HP: 63/133 [Rupert/stone (1)]
 23683 | D:15     | HP: 56/133 [Rupert/+4 executioner's axe of flaming (38)]
 23697 | D:15     | Killed Rupert
 23880 | D:15     | Reached XP level 16. HP: 140/140 MP: 21/21
 24680 | Swamp:1  | HP: 65/141 [seven-headed hydra (12)]
 24927 | Swamp:1  | HP: 70/141 [spectral eight-headed hydra[a ghost crab] (5)]
 24934 | Swamp:1  | HP: 61/141 [alligator[an alligator] (5)]
 24939 | Swamp:1  | HP: 44/141 [alligator[an alligator] (17)]
 24945 | Swamp:1  | HP: 51/211 [alligator[an alligator] (9)]
 25180 | Swamp:1  | HP: 97/211 [spectral eight-headed hydra[a ghost crab] (10)]
 25970 | Swamp:2  | Identified the +6 chain mail "Zioju" {+Inv Slay+2} (You
                  | found it on level 2 of the Swamp)
 26284 | Swamp:2  | Reached skill level 10 in Fighting
 26355 | Swamp:2  | Reached skill level 1 in Evocations
 26818 | Swamp:2  | HP: 66/141 [shambling mangrove (16)]
 26932 | Swamp:3  | HP: 69/141 [seven-headed hydra (6)]
 27243 | Swamp:3  | Noticed a thorn hunter
 27263 | Swamp:3  | Killed a thorn hunter
 27264 | Swamp:3  | HP: 67/141 [four-headed hydra[a spriggan druid] (7)]
 27267 | Swamp:3  | HP: 28/141 [spriggan druid/angry trees (13)]
 27415 | Swamp:3  | HP: 68/141 [spriggan rider/+0 spear (6)]
 27421 | Swamp:3  | HP: 36/141 [spriggan rider/+0 spear (6)]
 27428 | Swamp:3  | HP: 31/142 [spriggan rider/+0 spear (15)]
 28440 | Swamp:4  | Entered Level 4 of the Swamp
 28451 | Swamp:3  | HP: 68/142 [eight-headed hydra (4)]
 28872 | Swamp:4  | Reached skill level 10 in Throwing
 28872 | Swamp:4  | Reached skill level 10 in Invocations
 29380 | Swamp:4  | HP: 69/142 [seven-headed hydra (10)]
 29383 | Swamp:4  | Reached skill level 16 in Unarmed Combat
 29685 | Swamp:4  | Reached XP level 17. HP: 113/149 MP: 23/23
 29848 | Swamp:4  | Reached skill level 10 in Shields
 30191 | Orc:2    | Bought a scarf of cloud immunity for 77 gold pieces
 30204 | Orc:2    | Bought a scroll of enchant armour for 120 gold pieces
 30578 | Swamp:4  | Reached skill level 10 in Dodging
 30669 | Swamp:4  | Noticed a bone dragon
 30712 | Swamp:4  | Killed a bone dragon
 30806 | Swamp:4  | Got a decaying rune of Zot
 30995 | Spider:1 | Entered Level 1 of the Spider Nest
 31214 | Lair:4   | HP: 70/150 [redback (12)]
 31353 | Spider:1 | Noticed Agnes
 31353 | Spider:1 | Noticed Azrael
 31379 | Lair:4   | Killed Agnes
 31458 | Lair:4   | HP: 75/150 [redback (6)]
 31460 | Lair:4   | HP: 33/225 [poisoned by a wolf spider]
 31462 | Lair:4   | HP: 14/225 [poisoned by a wolf spider]
 31464 | Lair:4   | HP: 1/150 [poisoned by a wolf spider]
 31472 | Lair:4   | HP: 19/150 [wolf spider (22)]
 31474 | Lair:4   | HP: 6/150 [wolf spider (28)]
 31474 | Lair:4   | Mangled by a wolf spider

Skill      XL: |  1  2  3  4  5  6  7  8  9 10 11 12 13 14 15 16 17 |
---------------+----------------------------------------------------+-----
Fighting       | 2 3 4 5 6 7 8 9 10 | 10.5
Unarmed Combat | 3 4 5 6 7 9 10 11 12 13 14 15 16 | 16.3
Shields        | 1 2 3 4 6 7 8 9 10 | 10.1
Dodging        | 2 3 4 6 7 8 9 10 | 10.1
Throwing       | 2 3 5 6 7 8 9 10 | 10.3
Invocations    | 1 3 5 6 7 8 9 10 | 10.0
Armour         | 5 6 7 |  7.1
Evocations     | 2 3 |  3.1
Spellcasting   | |  1.2
Charms         | |  2.0

Action                   |  1- 3 |  4- 6 |  7- 9 | 10-12 | 13-15 | 16-18 || total
-------------------------+-------+-------+-------+-------+-------+-------++-------
Melee: Unarmed           |   108 |   243 |   298 |   289 |  1447 |   705 ||  3090
 Fire: Blowgun           |       |       |       |       |     4 |       ||     4
Throw: Javelin           |       |       |       |     4 |       |       ||     4
       Large rock        |       |       |       |     2 |       |     1 ||     3
       Tomahawk          |       |       |       |       |    27 |    39 ||    66
Invok: Ancestor Life: Kn |       |       |       |     1 |       |       ||     1
       Transference      |       |       |       |       |     3 |       ||     3
       Recall Ancestor   |       |       |       |       |     9 |     3 ||    12
       Idealise          |       |       |       |       |     1 |     2 ||     3
 Abil: Evoke Berserk Rag |       |       |       |       |       |     9 ||     9
Evoke: Wand              |       |       |       |       |     2 |     2 ||     4
  Use: Scroll            |       |    12 |     3 |     4 |    20 |     6 ||    45
       Potion            |       |       |     1 |     4 |     2 |     4 ||    11
 Stab: Sleeping          |       |     6 |     1 |       |     1 |       ||     8
       Distracted        |       |       |       |       |     7 |     8 ||    15
       Paralysed         |       |       |       |       |     2 |       ||     2
       Confused          |       |       |       |       |       |     1 ||     1
  Eat: Chunk             |    15 |    20 |    35 |    25 |   133 |    58 ||   286
       Ration            |       |       |       |       |       |     4 ||     4
Armor: Robe              |    33 |    69 |    50 |    28 |   163 |       ||   343
       Fire dragon scale |       |       |       |       |   113 |   363 ||   476
       Gold dragon scale |       |       |       |       |    68 |       ||    68
Dodge: Dodged            |    51 |    75 |    52 |    55 |   387 |   294 ||   914
Block: Large shield      |       |   107 |   163 |   204 |  1333 |   833 ||  2640

Levels and vault maps discovered:
D:1:      minmay_arrival_radiant_lines, layout_basic, serial_corexii_hall,
          chequers_hall_statues_wall_a, corexii_hall_statues_l
D:2:      layout_rooms, lemuel_crystal_altar, minitemple, first_ration
D:3:      layout_loops_ring
D:4:      gammafunk_cloud_chamber, layout_basic,
          nemelex_xobeh_ov_fountains_minmay, gup_sewer_entry_spiral
D:5:      layout_cave_pods, elyvilon_altar_1, serial_shops,
          kennysheep_mini_moat, uniq_sigmund, uniq_menkaure, uniq_ijyb
D:6:      layout_loops_ring
D:7:      layout_cave_pools, slow_altar_1, old_standard_altar,
          minmay_temple_entry_junction_2, grunt_livestock, minivault_23,
          lemuel_angel_altar
D:8:      layout_loops_ring, serial_shops, nicolae_shop_stone, enter_bailey_2
D:9:      layout_stronghold, hiddenorc2_lemuel, amethyst_killhole
D:10:     cheibrodos_wizards_tower, layout_basic, lair_entry_dummy,
          serial_shops, nicolae_shop_competitors_out_of_business
D:11:     layout_rooms, hangedman_tell_no_tales, uniq_erica, uniq_psyche,
          uniq_josephine
D:12:     layout_rooms
D:13:     wad_bat_island, layout_loops_corners
D:14:     layout_basic, ximxim_vaults_locker_room, minmay_misc_feat_more_columns
D:15:     gammafunk_depths_entry_grave, layout_rooms, hangedman_decor_riveting,
          uniq_rupert
Temple:   regret_index_temple_generic_petals
Lair:1:   layout_roguey, portal_ice_cave_entry_pillars_1, gammafunk_ghost_grave
Lair:2:   layout_chaotic_city, chequers_serial_rivers_large_b,
          infiniplex_staircase_pool_2, minmay_lair_oklob_chamber, uniq_fannar,
          uniq_sonja
Lair:3:   layout_chaotic_city, nicolae_swamp_entry_splash_gauntlet,
          grunt_megastairs_4, infiniplex_staircase_pool
Lair:4:   layout_gridlike, nicolae_spider_entry_tight_spaces
Lair:5:   layout_gridlike, slime_altar_2, beast_lair_carwin_4,
          serial_bayou_shore_b
Lair:6:   minmay_lair_end_frog_pond, layout_cave_shapes, kilobyte_rumbling_trees
Swamp:1:  layout_falls_marsh, hangedman_swamp_lotus
Swamp:2:  layout_basic_swamp, evilmike_swamp_ruin_house_5
Swamp:3:  layout_basic_swamp, evilmike_swamp_ruin_house_4, swamp_pool2,
          worms_lemuel
Swamp:4:  swamp_pestilence, layout_basic_swamp, swamp_pool4
Spider:1: layout_spider_delve, hive_lemuel, uniq_azrael, uniq_agnes
Orc:1:    layout_diamond_mine, gammafunk_ghost_split, uniq_maurice, uniq_urug,
          uniq_nergalle
Orc:2:    st_orc_rangers, layout_caves, basic_altar
Sewer:    sewer_fruit_machine
Bailey:   bailey_axe_minmay_hex_keep, bailey
